 Dungeon Crawl Stone Soup version 0.17.1-3-g152610e (webtiles) character file.

374389 nikopol the Phalangite (level 21, -4/217 (221) HPs)
             Began as a Minotaur Berserker on Apr 21, 2016.
             Was the Champion of Trog.
             Slain by an azure jelly (14 damage)
             ... created by the royal jelly
             ... on level 5 of the Pits of Slime on Apr 26, 2016.
             The game lasted 04:27:59 (52285 turns).

nikopol the Phalangite (Minotaur Berserker)        Turns: 52285, Time: 04:28:00

HP:   -4/217 (221)  AC: 26    Str: 22    XL:     21   Next: 76%
MP:   0/20          EV: 25    Int:  9    God:    Trog [******]
Gold: 2756          SH:  0    Dex: 23    Spells: 0 memorised, 20 levels left

rFire  + . .     SeeInvis +     S - +8 glaive of the Guard {elec, +Rage AC+5 SInv}
rCold  . . .     Clarity  .     j - +2 chain mail "Uxaiw" {Slay+4}
rNeg   + . .     SustAt   .     (shield currently unavailable)
rPois  +         Gourm    .     q - +2 hat of the Bear Spirit {Spirit, +Rage rN+ MR++}
rElec  .         Spirit   +     o - +1 cloak
rCorr  +         Warding  .     N - +2 pair of gloves
rMut   .         Stasis   .     H - +2 pair of boots {run}
MR     ++++.                    I - amulet of resist corrosion
Stlth  ..........               R - ring of Isongosh {rPois rF+ MR+ Str-2 Dex+6}
                                v - ring "Guceo" {*Drain rPois Int+4 Slay+2}

@: exhausted, corroded equipment, non-regenerating, diseased, slowed, invisible,
very slow, incredibly resistant to hostile enchantments, extremely unstealthy
A: retaliatory headbutt, horns 2, repulsion field 1, robust 1, MP-powered wands
a: Berserk, Trog's Hand, Brothers in Arms, Burn Spellbooks, Renounce Religion,
Evoke Berserk Rage
}: 2/15 runes: serpentine, barnacled


You were on level 5 of the Pits of Slime.
You worshipped Trog.
Trog was exalted by your worship.
You were very full.

You visited 8 branches of the dungeon, and saw 45 of its levels.
You also visited: Ice Cave.

You collected 4660 gold pieces.
You spent 1904 gold pieces at shops.

Inventory:

Hand Weapons
 S - the +8 glaive of the Guard (weapon) {elec, +Rage AC+5 SInv}
   (Trog gifted it to you on level 4 of the Orcish Mines)

   Occasionally, upon striking a foe, it will discharge some electrical energy
   and cause terrible harm.
   It affects your AC (+5).
   It lets you see invisible.
   It lets you go berserk.
Missiles
 U - 3 javelins of returning (quivered)
 V - 58 poisoned javelins
Armour
 j - the +2 chain mail "Uxaiw" (worn) {Slay+4}
   (You found it on level 2 of the Elven Halls)

   It affects your accuracy and damage with ranged weapons and melee attacks
   (+4).
 o - a +1 cloak (worn)
 q - the +2 hat of the Bear Spirit (worn) {Spirit, +Rage rN+ MR++}
   (You bought it in a shop on level 4 of the Orcish Mines)

   It protects you from negative energy.
   It affects your resistance to hostile enchantments.
   It lets you go berserk.
 H - a +2 pair of boots of running (worn)
 N - a +2 pair of gloves (worn)
Jewellery
 h - an uncursed amulet of resist mutation
 k - a +2 ring of strength
 v - the ring "Guceo" (left hand) {*Drain rPois Int+4 Slay+2}
   (You took it off a deep elf demonologist on level 3 of the Elven Halls)

   [ring of intelligence]

   It affects your intelligence (+4).
   It affects your accuracy and damage with ranged weapons and melee attacks
   (+2).
   It protects you from poison.
   It causes draining when unequipped.
 w - the amulet of Midwinter {Gourm rF++ MP-9}
   (You took it off a deep elf master archer on level 3 of the Elven Halls)

   [amulet of the gourmand]

   It allows you to eat raw meat even when not hungry.
   It greatly protects you from fire.
   It affects your magic capacity (-9).
 y - the ring of Upiam {*Confuse +Fly rElec rN+++}
   (You took it off a deep elf sorcerer on level 3 of the Elven Halls)

   [ring of flight]

   It insulates you from electricity.
   It renders you almost immune to negative energy.
   It lets you fly.
   It may confuse you when you take damage.
 I - an amulet of resist corrosion (around neck)
 R - the ring of Isongosh (right hand) {rPois rF+ MR+ Str-2 Dex+6}
   (You took it off a deep elf high priest on level 3 of the Elven Halls)

   [ring of poison resistance]

   It affects your strength (-2).
   It affects your dexterity (+6).
   It protects you from fire.
   It protects you from poison.
   It affects your resistance to hostile enchantments.
Wands
 f - a wand of fireball (10)
 n - a wand of digging (11)
 C - a wand of teleportation (3)
 K - a wand of disintegration (11)
 Q - a wand of paralysis (18)
Scrolls
 b - a scroll of blinking
 p - 16 scrolls of remove curse
 s - 13 scrolls of identify
 A - 14 scrolls of teleportation
 B - a scroll of summoning
 D - 5 scrolls of fear
 E - a scroll of enchant armour
 J - 2 scrolls of enchant weapon
 P - a scroll of fog
 Y - 5 scrolls of magic mapping
Potions
 d - 2 potions of cancellation
 e - 7 potions of brilliance
 g - 6 potions of flight
 l - 10 potions of curing
 r - 8 potions of heal wounds
 u - 5 potions of agility
 z - 5 potions of magic
 F - 6 potions of invisibility
 G - 6 potions of might
 O - 2 potions of resistance
 W - 5 potions of haste
 X - 2 potions of cure mutation
Miscellaneous
 T - a fan of gales
Comestibles
 c - 8 bread rations
 i - 13 slices of pizza
 m - 39 fruits
 t - 17 meat rations


   Skills:
 + Level 20.0 Fighting
 * Level 23.7 Polearms
 + Level 14.6 Throwing
 + Level 19.9 Armour
 + Level 16.8 Dodging


You had 20 spell levels left.
You didn't know any spells.

Dungeon Overview and Level Annotations

Branches:
Dungeon (15/15)            Temple (0/1) D:6            Lair (8/8) D:11
 Shoals (4/4) Lair:3        Snake (4/4) Lair:3        Slime (6/6) Lair:6
    Orc (4/4) D:12            Elf (3/3) Orc:4        Vaults (0/5) D:14
 Depths (1/5) D:15

Altars:
Ashenzari
Dithmenos
Kikubaaqudgha
Makhleb
Ru
Sif Muna
Trog
Vehumet
Yredelemnul
The Shining One
Beogh
Jiyva

Shops:
D:7 (   D:9 :   D:13 (   Orc:4 !**(   Elf:2 %[%*   Shoals:4 (   Snake:1 [
Snake:4 *

Portals:
Trove: D:11 (give +5 ice dragon armour)


Innate Abilities, Weirdness & Mutations

You reflexively headbutt those who attack you in melee.
You have a pair of horns on your head.
You are surrounded by a mild repulsion field (EV +2).
You are robust (+10% HP).
You expend magic power (3 MP) to strengthen your wands.


Message History

* * * LOW HITPOINT WARNING * * *
The death ooze closely misses you. You furiously retaliate!
You headbutt the death ooze. The death ooze barely misses you.
The azure jelly hits you but does no damage. x2
The azure jelly closely misses you. x2
The acid blob hits you but does no damage. x2
The azure jelly misses you. You furiously retaliate!
You headbutt the azure jelly, but do no damage.
The azure jelly hits you but does no damage.
The azure jelly completely misses you. The azure jelly misses you.
The acid blob completely misses you.
Drink which item? (? for menu, Esc to quit)
You fade into invisibility!
The acid blob completely misses you. You furiously retaliate!
You headbutt the acid blob. The azure jelly completely misses you.
You furiously retaliate!
You headbutt the azure jelly! The azure jelly hits you.
* * * LOW HITPOINT WARNING * * *
The azure jelly freezes you!
You die...

## #..............#####
##.###................#.##
#...###........##........#
##...#................#.##
#...............#......##
##...#..................##
#........................#
##.........J.J...........#
##.........J@J........#......
#..........JJJ<.......##.....
#................##....##....
##...............#....## #...
#.....................## ...
#..........##.#..#.<...## ..
##........####..........#
#....#....###........#.##
##........#.#.......####


You could see 4 acid blobs, 2 azure jellies and a death ooze.

Vanquished Creatures
  the royal jelly (Slime:6)
  The ghost of nublet the Slayer, an adept MiFi of Okawaru (Elf:3)
  Jorgrun (Shoals:4)
  Rupert (Orc:2)
  3 deep elf blademasters
  2 deep elf master archers (Elf:3)
  15 acid blobs
  Gastronok (D:11)
  A tengu reaver (D:14)
  Kirke (D:13)
  Roxanne (D:15)
  4 azure jellies
  Ilsuiw (Shoals:4)
  A fire giant (D:14)
  7 greater nagas
  A frost giant (Shoals:4)
  Donald (Shoals:2)
  5 deep elf sorcerers
  Aizul (Snake:1)
  Louise (Shoals:2)
  An orc warlord (Orc:4)
  Nessos (Lair:5)
  9 deep elf demonologists (Elf:3)
  Azrael (Orc:4)
  8 deep elf annihilators
  6 deep elf death magi
  4 vault guards (D:14)
  2 ettins
  Snorg (Orc:4)
  6 merfolk javelineers
  11 merfolk impalers
  4 death oozes
  4 deep elf high priests
  3 great orbs of eyes
  2 centaur warriors
  A catoblepas (D:14)
  4 merfolk aquamancers
  21 naga warriors
  A rakshasa (D:14)
  8 hydras
  Erica (D:9)
  3 merfolk avatars
  2 alligator snapping turtles
  14 dancing weapons (Elf:2)
  8 anacondas
  4 satyrs
  9 death yaks
  An ogre mage (D:15)
  4 orc high priests (Orc:4)
  Urug (Orc:1)
  9 naga sharpshooters
  Sonja (Lair:4)
  Nergalle (Orc:1)
  A large abomination (Elf:3)
  18 deep elf knights
  2 fire crabs
  13 shock serpents
  A salamander mystic (Snake:4)
  2 ice devils (IceCv)
  3 unseen horrors
  12 sea snakes
  A giant orange brain (Slime:6)
  7 hill giants
  7 naga ritualists
  17 deep elf summoners
  Pikel (D:6)
  6 orc knights
  15 harpies
  A necromancer (IceCv)
  9 orc sorcerers
  3 wizards
  18 deep elf conjurers
  7 mana vipers
  5 cyclopes
  11 ugly things
  3 shining eyes
  An oklob plant (Shoals:1)
  10 manticores
  17 salamanders
  8 water nymphs
  2 guardian serpents
  6 sirens
  5 fauns
  10 griffons
  5 elephants
  25 naga magi
  Maurice (Orc:3)
  29 black mambas
  Joseph (D:7)
  3 ice statues (IceCv)
  An eye of devastation (Slime:2)
  Psyche (D:8)
  An efreet (D:15)
  2 gargoyles (D:14)
  6 komodo dragons
  A kobold demonologist (D:14)
  9 spiny frogs
  A yaktaur (Shoals:3)
  3 small abominations (Elf:3)
  2 tengu conjurers
  2 spriggan druids (Lair:8)
  A fire drake (Lair:2)
  14 deep elf priests
  3 harpy zombies (Shoals:4)
  A yaktaur (shapeshifter) (D:14)
  2 freezing wraiths
  8 blue devils (IceCv)
  4 wind drakes
  31 merfolk
  3 trolls
  9 polar bears (Lair:8)
  68 slime creatures
  A two-headed ogre (shapeshifter) (Elf:3)
  4 two-headed ogres
  A raiju (shapeshifter) (D:14)
  18 blink frogs
  9 snapping turtles
  A griffon zombie (Shoals:4)
  27 deep elf magi
  3 redbacks (Lair:8)
  4 hogs
  14 spriggans (Lair:8)
  64 yaks
  2 shadows
  5 water elementals
  3 wyverns
  7 hungry ghosts
  26 deep elf fighters
  3 fire elementals (Orc:4)
  2 wraiths (D:14)
  2 trapdoor spiders (D:14)
  A centaur simulacrum (D:13)
  2 basilisks (Lair:4)
  15 golden eyes
  A human (D:7)
  4 wargs
  17 hippogriffs
  Menkaure (D:4)
  A hell hound (Orc:4)
  2 swamp worms (Lair:6)
  78 nagas
  A soldier ant (D:12)
  20 water moccasins
  35 wolves
  12 porcupines
  Duvessa (D:4)
  3 mottled dragons
  3 wasps
  4 ice beasts
  6 black bears
  20 ogres
  A necrophage (D:11)
  50 orc warriors
  7 sky beasts
  4 phantoms
  5 centaurs
  7 eyes of draining
  10 crocodiles
  23 giant frogs
  2 big kobolds
  2 wyvern skeletons (D:13)
  A water moccasin zombie (D:5)
  A wyvern zombie (D:7)
  5 scorpions
  Dowan (D:4)
  5 electric eels
  A hippogriff zombie (Shoals:4)
  8 killer bees
  11 wights
  2 giant frog zombies
  42 orc priests
  2 draconian simulacra (IceCv)
  7 centaur zombies
  A giant frog skeleton (D:9)
  5 crimson imps
  7 hounds
  22 jellies
  7 centaur skeletons
  40 orc wizards
  16 iguanas
  24 sheep
  11 worker ants
  4 troll simulacra (IceCv)
  A killer bee zombie (D:9)
  A spriggan simulacrum (IceCv)
  A hound skeleton (D:6)
  A hound zombie (D:9)
  3 gnolls (D:8)
  2 naga simulacra (IceCv)
  15 adders
  An ogre simulacrum (IceCv)
  12 white imps (Lair:2)
  39 river rats
  4 shadow imps
  An adder zombie (D:9)
  3 worms
  2 adder skeletons
  5 giant geckos
  218 orcs
  3 ball pythons
  A bat zombie (Shoals:4)
  4 hobgoblins
  9 jackals
  7 quokkas
  4 bats
  5 giant cockroaches
  2 giant newts
  8 goblins
  17 kobolds
  A quokka skeleton (D:5)
  15 rats
  5 fungi
  12 plants
1824 creatures vanquished.

Vanquished Creatures (collateral kills)
  A merfolk javelineer (Shoals:4)
  3 yaks (Lair:3)
  A basilisk (Lair:3)
  An electric eel (Lair:3)
6 creatures vanquished.

Vanquished Creatures (others)
  A human (D:13)
  16 fungi
  44 plants
61 creatures vanquished.

Grand Total: 1891 creatures vanquished

Notes
Turn   | Place    | Note
--------------------------------------------------------------
     0 | D:1      | nikopol the Minotaur Berserker began the quest for the Orb.
     0 | D:1      | Reached XP level 1. HP: 19/19 MP: 0/0
   137 | D:1      | Reached XP level 2. HP: 27/27 MP: 1/1
   718 | D:2      | Reached skill level 4 in Polearms
   721 | D:2      | Reached ** piety under Trog
   730 | D:2      | Reached XP level 3. HP: 26/33 MP: 2/2
  1741 | D:3      | Reached XP level 4. HP: 31/40 MP: 1/3
  1925 | D:3      | Reached *** piety under Trog
  2637 | D:4      | Reached XP level 5. HP: 47/47 MP: 4/4
  2642 | D:4      | Noticed a phantom
  2658 | D:4      | Killed a phantom
  2658 | D:4      | Reached skill level 5 in Polearms
  2670 | D:4      | Reached skill level 5 in Fighting
  2685 | D:4      | Reached XP level 6. HP: 35/56 MP: 2/5
  3010 | D:4      | Found a bloodstained altar of Trog.
  3010 | D:4      | Found a glowing golden altar of the Shining One.
  3052 | D:4      | Noticed Menkaure
  3060 | D:4      | Killed Menkaure
  3186 | D:4      | Noticed Dowan
  3203 | D:4      | Killed Dowan
  3203 | D:4      | Reached skill level 5 in Armour
  3203 | D:4      | Reached XP level 7. HP: 62/62 MP: 6/6
  3221 | D:4      | Noticed an ogre
  3229 | D:4      | Killed an ogre
  3229 | D:4      | Reached skill level 6 in Fighting
  3255 | D:4      | Noticed Duvessa
  3263 | D:4      | Killed Duvessa
  3263 | D:4      | Reached skill level 5 in Dodging
  3490 | D:4      | Noticed an ogre
  3497 | D:4      | Killed an ogre
  3574 | D:5      | Entered Level 5 of the Dungeon
  3682 | D:5      | Reached XP level 8. HP: 71/71 MP: 7/7
  3834 | D:5      | Reached skill level 7 in Polearms
  3948 | D:5      | Reached **** piety under Trog
  3997 | D:5      | Found a shattered altar of Ashenzari.
  3997 | D:5      | Found a shadowy altar of Dithmenos.
  4385 | D:6      | Noticed Pikel
  4407 | D:6      | Killed Pikel
  4812 | D:6      | Reached skill level 8 in Polearms
  4812 | D:6      | Reached XP level 9. HP: 76/81 MP: 5/8
  4924 | D:6      | Found a staircase to the Ecumenical Temple.
  5860 | D:7      | Noticed Joseph
  5881 | D:7      | Killed Joseph
  5881 | D:7      | Reached skill level 1 in Throwing
  6212 | D:7      | Reached skill level 9 in Polearms
  6335 | D:7      | Found Hirphyqeu's Antique Weapon Emporium.
  6465 | D:7      | Got a transparent ring mail
  6479 | D:7      | Identified the +3 ring mail of the Iron City of Dis {rPois Str+3} (You found it on level 7 of the Dungeon)
  6837 | D:8      | Received a gift from Trog
  6844 | D:8      | Reached XP level 10. HP: 91/91 MP: 9/9
  6892 | D:8      | Noticed Psyche
  6894 | D:8      | Reached ***** piety under Trog
  6911 | D:8      | Killed Psyche
  6934 | D:8      | Found a basalt altar of Yredelemnul.
  7384 | D:8      | Found an ancient bone altar of Kikubaaqudgha.
  7387 | D:8      | Found a radiant altar of Vehumet.
  7387 | D:8      | Found a deep blue altar of Sif Muna.
  7393 | D:8      | Identified Kikubaaqudgha's Disquisition on Dark Magic
  7404 | D:8      | Identified Sif Muna's Disquisition on Augmentations
  7414 | D:8      | Identified Vehumet's Disquisition on Conjuration
  7654 | D:9      | Reached skill level 10 in Fighting
  7677 | D:9      | Reached skill level 10 in Polearms
  7690 | D:9      | Noticed Erica
  7700 | D:9      | Killed Erica
  7700 | D:9      | Received a gift from Trog
  7700 | D:9      | Reached skill level 10 in Armour
  7863 | D:9      | Found Lumoper's Book Emporium.
  8348 | D:10     | Entered Level 10 of the Dungeon
  8360 | D:10     | Noticed a hill giant
  8369 | D:10     | Killed a hill giant
  8369 | D:10     | Reached XP level 11. HP: 53/101 MP: 5/10
  8750 | D:10     | Noticed an unseen horror
  8757 | D:10     | Killed an unseen horror
  8757 | D:10     | Reached skill level 11 in Polearms
  9202 | D:11     | Noticed a hill giant
  9216 | D:11     | Killed a hill giant
  9223 | D:11     | Noticed a hill giant
  9232 | D:11     | Killed a hill giant
  9251 | D:11     | Found a portal to a secret trove of treasure.
  9400 | D:11     | Noticed a hill giant
  9416 | D:11     | Killed a hill giant
  9437 | D:11     | Noticed Gastronok
  9448 | D:11     | Killed Gastronok
  9688 | D:11     | Found a staircase to the Lair.
  9787 | Lair:1   | Entered Level 1 of the Lair of Beasts
  9797 | Lair:1   | Reached skill level 12 in Polearms
  9838 | Lair:1   | Reached skill level 5 in Throwing
 10090 | Lair:1   | Reached XP level 12. HP: 106/112 MP: 9/11
 10262 | Lair:1   | Received a gift from Trog
 10864 | Lair:1   | Noticed a four-headed hydra
 10872 | Lair:1   | Killed a four-headed hydra
 11062 | Lair:2   | Found a frozen archway.
 11080 | Lair:2   | Received a gift from Trog
 11231 | IceCv    | Entered an ice cave
 13177 | IceCv    | Reached skill level 13 in Polearms
 13188 | IceCv    | Got a translucent trident
 13380 | Lair:2   | Received a gift from Trog
 13429 | Lair:2   | Reached skill level 10 in Dodging
 13751 | Lair:2   | Identified the cursed +3 trident "Reirph" {pierce, rF+ Str+6 Int+3} (You found it in an ice cave)
 14090 | Lair:3   | Received a gift from Trog
 14255 | Lair:3   | Found a staircase to the Snake Pit.
 14321 | Lair:3   | Reached XP level 13. HP: 12/122 MP: 12/12
 15121 | Lair:3   | Found a staircase to the Shoals.
 15280 | Lair:4   | Got a scorched spear
 15281 | Lair:4   | Identified the +5 spear of the Crypt {freeze, rN+++ Str-5 Int+6} (You found it on level 4 of the Lair of Beasts)
 15298 | Lair:4   | Noticed Sonja
 15318 | Lair:4   | Killed Sonja
 15843 | Lair:4   | Reached skill level 14 in Fighting
 16533 | Lair:5   | Noticed Nessos
 16542 | Lair:5   | Killed Nessos
 16715 | Lair:5   | Received a gift from Trog
 17604 | Lair:6   | Received a gift from Trog
 17691 | Lair:6   | Found a basalt altar of Yredelemnul.
 17821 | Lair:6   | Found a viscous altar of Jiyva.
 17821 | Lair:6   | Found a staircase to the Slime Pits.
 18073 | Lair:6   | Reached XP level 14. HP: 65/133 MP: 13/13
 18721 | Lair:7   | Reached ****** piety under Trog
 18739 | Lair:7   | Received a gift from Trog
 19049 | Lair:8   | Entered Level 8 of the Lair of Beasts
 19240 | Lair:8   | Reached skill level 15 in Armour
 19386 | Lair:7   | Reached skill level 15 in Fighting
 19728 | Lair:8   | Received a gift from Trog
 19731 | Lair:8   | Got a jewelled bardiche {god gift}
 19732 | Lair:8   | Identified the +5 bardiche of Immorality {chop, *Confuse Str+3 Int+2} (Trog gifted it to you on level 8 of the Lair of Beasts)
 19766 | Lair:8   | Reached skill level 15 in Polearms
 20408 | Lair:8   | Received a gift from Trog
 21409 | D:12     | Found a staircase to the Orcish Mines.
 21734 | D:12     | Received a gift from Trog
 21881 | Orc:1    | Entered Level 1 of the Orcish Mines
 21894 | Orc:1    | Noticed Urug
 21913 | Orc:1    | Killed Urug
 21936 | Orc:1    | Received a gift from Trog
 21939 | Orc:1    | Got a translucent glaive {god gift}
 21940 | Orc:1    | Identified the +7 glaive of Trog's Favour {elec, rF- Int+2 Dex+2} (Trog gifted it to you on level 1 of the Orcish Mines)
 22000 | Orc:1    | Noticed Nergalle
 22006 | Orc:1    | Killed Nergalle
 22269 | Orc:2    | Noticed Rupert
 22281 | Orc:2    | Killed Rupert
 22510 | Orc:1    | Received a gift from Trog
 22832 | Orc:2    | Reached XP level 15. HP: 138/143 MP: 14/14
 23024 | Orc:3    | Noticed Maurice
 23030 | Orc:3    | Killed Maurice
 23238 | Orc:4    | Entered Level 4 of the Orcish Mines
 23278 | Orc:4    | Received a gift from Trog
 23394 | Orc:4    | Received a gift from Trog
 23409 | Orc:4    | Noticed Azrael
 23416 | Orc:4    | Killed Azrael
 23772 | Orc:4    | Reached skill level 16 in Fighting
 23891 | Orc:4    | Found a staircase to the Elven Halls.
 24042 | Orc:4    | Noticed Snorg
 24051 | Orc:4    | Killed Snorg
 24058 | Orc:4    | Found a roughly hewn altar of Beogh.
 24090 | Orc:4    | Received a gift from Trog
 24339 | Orc:4    | Found Xoukae's Assorted Antiques.
 24474 | Orc:4    | Found Uqeogupt's Distillery.
 24581 | Orc:4    | Bought a potion of heal wounds for 70 gold pieces
 24754 | Orc:4    | Found Cituwadgh's Weapon Boutique.
 24769 | Orc:4    | Found a roughly hewn altar of Beogh.
 24800 | Orc:4    | Paralysed by an orc sorcerer for 3 turns
 24868 | Orc:4    | Found Doaboaze's General Store.
 24883 | Orc:4    | Bought a scroll of enchant armour for 97 gold pieces
 24883 | Orc:4    | Bought a potion of heal wounds for 65 gold pieces
 25165 | Orc:4    | Received a gift from Trog
 25211 | Orc:4    | Bought the +2 hat of the Bear Spirit {Spirit, +Rage rN+ MR++} for 1016 gold pieces
 25436 | Orc:3    | Found a runed door.
 25490 | Orc:3    | Found a roughly hewn altar of Beogh.
 25891 | D:13     | Noticed Kirke
 25901 | D:13     | Killed Kirke
 26214 | D:13     | Found Boellakecs's Antique Weapon Shop.
 26321 | D:13     | Received a gift from Trog
 26569 | D:14     | Received a gift from Trog
 26836 | D:14     | Found a gate to the Vaults.
 26875 | D:14     | Reached skill level 10 in Throwing
 27085 | D:14     | Reached XP level 16. HP: 152/152 MP: 15/15
 27177 | D:14     | Reached skill level 17 in Polearms
 27445 | D:14     | Received a gift from Trog
 27514 | D:14     | Noticed a tengu reaver
 27528 | D:14     | Killed a tengu reaver
 27756 | D:15     | Entered Level 15 of the Dungeon
 27875 | D:15     | Noticed Roxanne
 27902 | D:15     | Killed Roxanne
 28507 | D:15     | Found a staircase to the Depths.
 28569 | Depths:1 | Entered Level 1 of the Depths
 28864 | Shoals:1 | Entered Level 1 of the Shoals
 29265 | Shoals:1 | Found a sacrificial altar of Ru.
 29552 | Shoals:2 | Received a gift from Trog
 29552 | Shoals:2 | Reached skill level 18 in Polearms
 29557 | Shoals:2 | Noticed Donald
 29569 | Shoals:2 | Killed Donald
 29765 | Shoals:2 | Received a gift from Trog
 30050 | Shoals:2 | Noticed Louise
 30071 | Shoals:2 | Killed Louise
 30521 | Shoals:3 | Reached XP level 17. HP: 66/161 MP: 5/16
 31652 | Shoals:3 | Reached skill level 19 in Polearms
 31652 | Shoals:3 | Reached XP level 18. HP: 170/170 MP: 17/17
 31897 | Shoals:3 | Received a gift from Trog
 32025 | Shoals:4 | Entered Level 4 of the Shoals
 32401 | Shoals:4 | Noticed Jorgrun
 32401 | Shoals:4 | Received a gift from Trog
 32410 | Shoals:4 | Killed Jorgrun
 33633 | Shoals:4 | Got a barnacled rune of Zot
 33778 | Shoals:4 | Reached skill level 20 in Polearms
 33904 | Shoals:4 | Found Zitzukau's Weapon Boutique.
 34048 | Shoals:4 | Noticed Ilsuiw
 34091 | Shoals:4 | Killed Ilsuiw
 34764 | Snake:1  | Entered Level 1 of the Snake Pit
 35027 | Snake:1  | Received a gift from Trog
 35125 | Snake:1  | Noticed Aizul
 35133 | Snake:1  | Killed Aizul
 35369 | Snake:1  | Found Jodd's Armour Emporium.
 35660 | Snake:1  | Found a burning altar of Makhleb.
 36635 | Snake:2  | Reached XP level 19. HP: 179/179 MP: 18/18
 37064 | Snake:3  | Received a gift from Trog
 37694 | Snake:3  | Received a gift from Trog
 38358 | Snake:4  | Entered Level 4 of the Snake Pit
 38491 | Snake:4  | Reached skill level 21 in Polearms
 39136 | Snake:4  | Received a gift from Trog
 39558 | Snake:4  | Found Saetitt's General Store.
 39605 | Snake:4  | Bought a potion of heal wounds for 75 gold pieces
 40252 | Snake:4  | Received a gift from Trog
 40510 | Snake:4  | Received a gift from Trog
 40559 | Snake:4  | Reached skill level 15 in Dodging
 41581 | Snake:4  | Got a serpentine rune of Zot
 42003 | Elf:1    | Entered Level 1 of the Elven Halls
 42355 | Elf:1    | Reached XP level 20. HP: 189/189 MP: 19/19
 42366 | Elf:1    | Received a gift from Trog
 42928 | Elf:1    | Received a gift from Trog
 43133 | Elf:1    | Reached skill level 22 in Polearms
 43219 | Elf:2    | Found Kymoasagg's Food Emporium.
 43290 | Elf:2    | Found Unwo's Armour Emporium.
 43293 | Elf:2    | Bought a +2 pair of boots of running for 581 gold pieces
 43354 | Elf:2    | Received a gift from Trog
 43587 | Elf:2    | Found Fakh's Food Shop.
 43638 | Elf:2    | Got a pitted chain mail
 43653 | Elf:2    | Identified the +2 chain mail "Uxaiw" {Slay+4} (You found it on level 2 of the Elven Halls)
 43674 | Elf:2    | Found a runed gate.
 43674 | Elf:2    | Found a runed gate.
 43675 | Elf:2    | Found a runed gate.
 43719 | Elf:2    | Found Qieraogg's Assorted Antiques.
 43771 | Elf:2    | Received a gift from Trog
 45068 | Elf:3    | Entered Level 3 of the Elven Halls
 45265 | Elf:3    | Found a deep blue altar of Sif Muna.
 45315 | Elf:3    | Received a gift from Trog
 46316 | Elf:3    | Noticed nublet's ghost (adept MiFi)
 46338 | Elf:3    | Killed nublet's ghost
 46619 | Elf:3    | Found a deep blue altar of Sif Muna.
 47140 | Elf:3    | Received a gift from Trog
 47644 | Elf:3    | Got a faintly glowing jade amulet
 47647 | Elf:3    | Got a twitching copper ring
 47709 | Elf:3    | Received a gift from Trog
 47843 | Elf:3    | Reached XP level 21. HP: 197/199 MP: 20/20
 48006 | Elf:3    | Got a glittering bronze ring
 48037 | Elf:3    | Identified the ring "Guceo" {*Drain rPois Int+4 Slay+2} (You took it off a deep elf demonologist on level 3 of the Elven Halls)
 48039 | Elf:3    | Identified the amulet "Lenerh Zyne" {+Rage rElec MP+9 Str-5} (You took it off a deep elf sorcerer on level 3 of the Elven Halls)
 48041 | Elf:3    | Identified the ring of Isongosh {rPois rF+ MR+ Str-2 Dex+6} (You took it off a deep elf high priest on level 3 of the Elven Halls)
 48051 | Elf:3    | Gained mutation: You are robust (+10% HP). [potion of beneficial mutation]
 48076 | Elf:3    | Got a pair of steaming boots
 48087 | Elf:3    | Identified the +1 pair of boots "Lutwev" {rF+ Stlth+} (You found it on level 3 of the Elven Halls)
 48148 | Elf:3    | Got a bloodstained morningstar {drain}
 48149 | Elf:3    | Identified the +6 morningstar "Beastslayer" {drain, +Rage +Inv Stlth+} (You took it off a deep elf demonologist on level 3 of the Elven Halls)
 48157 | Elf:3    | Got a warped zirconium amulet
 48157 | Elf:3    | Got a twitching copper ring
 48158 | Elf:3    | Got a dazzling war axe {elec}
 48175 | Elf:3    | Identified the cursed +0 war axe of the Ring {elec, Dex+4} (You took it off a deep elf demonologist on level 3 of the Elven Halls)
 48198 | Elf:3    | Identified the amulet of Midwinter {Gourm rF++ MP-9} (You took it off a deep elf master archer on level 3 of the Elven Halls)
 48200 | Elf:3    | Identified the ring of Upiam {*Confuse +Fly rElec rN+++} (You took it off a deep elf sorcerer on level 3 of the Elven Halls)
 48279 | Elf:3    | Got a steaming whip {pain}
 48280 | Elf:3    | Identified the +7 whip of Cruel Justice {pain, MR+ Str+5} (You took it off a deep elf mage on level 3 of the Elven Halls)
 48358 | Elf:3    | Received a gift from Trog
 49085 | Slime:1  | Entered Level 1 of the Pits of Slime
 49093 | Slime:1  | Reached skill level 23 in Polearms
 49606 | Slime:1  | Gained mutation: You expend magic power (3 MP) to strengthen your wands. [a shining eye]
 50222 | Slime:2  | Received a gift from Trog
 50599 | Slime:3  | Received a gift from Trog
 51929 | Slime:5  | Gained mutation: You are surrounded by a mild repulsion field (EV +2). [a shining eye]
 51969 | Slime:6  | Entered Level 6 of the Pits of Slime
 51981 | Slime:6  | Received a gift from Trog
 52248 | Slime:6  | Noticed the royal jelly
 52275 | Slime:6  | Killed the royal jelly
 52285 | Slime:5  | HP: 10/217 [azure jelly[the royal jelly] (4)]
 52285 | Slime:5  | Slain by an azure jelly

Action                   |  1- 3 |  4- 6 |  7- 9 | 10-12 | 13-15 | 16-18 | 19-21 || total
-------------------------+-------+-------+-------+-------+-------+-------+-------++-------
Melee: Spear             |   174 |    93 |   266 |       |       |       |       ||   533
       Trident           |       |       |   140 |   878 |   960 |       |       ||  1978
       Glaive            |       |       |       |       |   696 |   912 |  1050 ||  2658
Throw: Tomahawk          |       |       |     7 |    45 |    33 |       |     7 ||    92
       Javelin           |       |       |       |     7 |    85 |   217 |   772 ||  1081
Invok: Burn Spellbooks   |     1 |       |     2 |     5 |     2 |     2 |     2 ||    14
       Berserk           |       |     1 |     5 |    11 |     4 |     8 |     8 ||    37
       Trog's Hand       |       |     1 |       |     1 |     1 |     4 |       ||     7
       Brothers in Arms  |       |       |       |     1 |     2 |     1 |     2 ||     6
 Abil: Evoke Flight      |       |       |       |       |     2 |     3 |       ||     5
  Use: Scroll            |       |       |    10 |     6 |    21 |     8 |    10 ||    55
       Potion            |       |       |       |       |       |     2 |     2 ||     4
 Stab: Sleeping          |     4 |       |       |       |       |       |       ||     4
       Distracted        |       |       |       |     1 |       |       |       ||     1
  Eat: Chunk             |     3 |     3 |    18 |    30 |    58 |    24 |    39 ||   175
       Royal jelly       |       |     1 |     1 |       |       |       |       ||     2
       Meat ration       |       |       |       |     1 |       |       |       ||     1
       Beef jerky        |       |       |       |     4 |       |     1 |     2 ||     7
       Bread ration      |       |       |       |     1 |       |     4 |     5 ||    10
       Fruit             |       |       |       |     1 |       |       |       ||     1
